 Dungeon Crawl Stone Soup version 0.27-a0-412-g8dd771eca2 (webtiles) character file.

Game seed: 14011116258668242500

198 Chiseanne the Skirmisher (level 5, 20/43 HPs)
             Began as a Demonspawn Wanderer on Feb 24, 2021.
             Quit the game on level 2 of the Dungeon.
             The game lasted 00:01:43 (716 turns).

Chiseanne the Skirmisher (Demonspawn Wanderer)       Turns: 716, Time: 00:01:43

Health: 20/43      AC:  2    Str: 15    XL:     5   Next: 47%
Magic:  5/5        EV: 13    Int: 12    God:
Gold:   62         SH:  0    Dex: 12    Spells: 4/4 levels left

rFire    . . .     SeeInvis .   w - +2 shortbow
rCold    . . .     Faith    .   (shield currently unavailable)
rNeg     . . .     Spirit   .   e - +0 robe
rPois    .         Reflect  .   (no helmet)
rElec    .         Harm     .   (no cloak)
rCorr    .         Rampage  .   (no gloves)
Will     .....                  (no boots)
Stlth    ++........             (no amulet)
HPRegen  0.14/turn              (no ring)
MPRegen  0.09/turn              (no ring)

@: no status effects
A: hooves 1, powered by pain 1
a: no special abilities


You were on level 2 of the Dungeon.
You visited 1 branch of the dungeon, and saw 2 of its levels.

You collected 62 gold pieces.

Inventory:

Hand Weapons
 a - a +0 dagger
 k - a +0 hand axe
 l - a +0 mace
 w - a +2 shortbow (weapon)
Missiles
 b - 27 arrows (quivered ammo)
 g - 71 stones
 h - 9 sling bullets
Armour
 e - a +0 robe (worn)
Jewellery
 i - a ring of resist corrosion {unknown}
 j - a +4 ring of protection {unknown}
Scrolls
 c - a scroll of teleportation
 f - a scroll of amnesia
Potions
 d - a potion of curing
 m - 3 potions of brilliance {unknown}
 n - a potion of berserk rage {unknown}


   Skills:
 * Level 4.9 Fighting
 - Level 3.6 Bows
 - Level 1.0 Armour
 * Level 3.2 Dodging
 - Level 1.7 Stealth


You had 4 spell levels left.
You didn't know any spells.
Your spell library was empty.

Dungeon Overview and Level Annotations

Branches:
Dungeon (2/15)

Altars:


Innate Abilities, Weirdness & Mutations

You have large cloven feet.
You sometimes gain a little power by taking damage.


Message History

You are too injured to fight recklessly!
You are too injured to fight recklessly!
You are too injured to fight recklessly!
You are too injured to fight recklessly!
You are too injured to fight recklessly!
You are too injured to fight recklessly!
You are too injured to fight recklessly!
You are too injured to fight recklessly!
You are too injured to fight recklessly!
You are too injured to fight recklessly!
Fire: 31 arrows
Press: ? - help, Q - select action, (/) - cycle Shift-Dir - straight line, f/p - Sigmund
Aim: Sigmund, wielding a +0 scythe and wearing a +0 robe (severely wounded, 58% to hit)
You shoot an arrow. The arrow barely misses Sigmund.
Sigmund barely misses you.
Fire: 30 arrows
Press: ? - help, Q - select action, (/) - cycle Shift-Dir - straight line, f/p - Sigmund
Aim: Sigmund, wielding a +0 scythe and wearing a +0 robe (severely wounded, 58% to hit)
You shoot an arrow.
The arrow hits Sigmund but does no damage.
Sigmund is severely wounded.
Fire: 29 arrows
Press: ? - help, Q - select action, (/) - cycle Shift-Dir - straight line, f/p - Sigmund
Aim: Sigmund, wielding a +0 scythe and wearing a +0 robe (severely wounded, 58% to hit)
You shoot an arrow. The arrow hits Sigmund!
Sigmund is almost dead.
Sigmund gestures at you while chanting. You resist with significant effort.
Fire: 28 arrows
Press: ? - help, Q - select action, (/) - cycle Shift-Dir - straight line, f/p - Sigmund
Aim: Sigmund, wielding a +0 scythe and wearing a +0 robe (almost dead, 58% to hit)
You shoot an arrow. The arrow hits Sigmund.
You kill Sigmund!
Your Fighting skill increases to level 4!
Your Dodging skill gained 2 levels and is now at level 3!
You have reached level 4!
You feel stronger.
Your demonic ancestry asserts itself...
Your feet thicken and deform.
You have reached level 5!
Are you sure you want to abandon this character and quit the game? (Confirm with "yes".)

#######....##
+.......##.#
#####.#.#####.#
#.#.......#
#.######### #.#
#.# #######
#.##.......
#..@..)....
####..((...
)...... .(.....
..(..!. ..(....
....... ..((...


There were no monsters in sight!

Vanquished Creatures
  Sigmund (D:2)
  An adder (D:2)
  A worm (D:2)
  A dart slug (D:2)
  5 bats
  A giant cockroach (D:1)
  2 goblins
  3 hobgoblins
  4 jackals (D:1)
  A kobold (D:1)
  6 rats
26 creatures vanquished.

Notes
Turn   | Place    | Note
-------+----------+-------------------------------------------
     0 | D:1      | Chiseanne the Demonspawn Wanderer began the quest for the
                  | Orb.
     0 | D:1      | Chiseanne set off with the following items: a +2 shortbow,
                  | 27 arrows, a scroll of teleportation, a potion of curing, a
                  | +0 robe, a +0 dagger
     0 | D:1      | Reached XP level 1. HP: 18/18 MP: 1/1
   225 | D:1      | Gained mutation: You sometimes gain a little power by
                  | taking damage. [demonic ancestry]
   225 | D:1      | Reached XP level 2. HP: 24/24 MP: 2/2
   229 | D:1      | Reached skill level 1 in Dodging
   627 | D:2      | Reached XP level 3. HP: 30/30 MP: 3/3
   704 | D:2      | Noticed Sigmund
   715 | D:2      | Killed Sigmund
   716 | D:2      | Reached skill level 4 in Fighting
   716 | D:2      | Gained mutation: You have large cloven feet. [demonic
                  | ancestry]
   716 | D:2      | Reached XP level 4. HP: 18/38 MP: 4/4
   716 | D:2      | Reached XP level 5. HP: 20/43 MP: 5/5
   716 | D:2      | Quit the game

Illustrated notes

Levels and vault maps discovered:
D:1:      minmay_arrival_jagged, layout_rooms
D:2:      layout_basic, kennysheep_ying_yang, nicolae_tso_carved_into_rock,
          uniq_robin, uniq_sigmund

Skill      XL: |  1  2  3 |
---------------+----------+-----
Dodging        | 1 3 |  3.2
Fighting       | 4 |  4.9
Bows           | |  3.6
Armour         | |  1.0
Stealth        | |  1.7

Action                   |  1- 3 |  4- 6 || total
-------------------------+-------+-------++-------
 Fire: Shortbow          |    79 |       ||    79
  Use: Scroll            |     1 |       ||     1
Armor: Robe              |     6 |       ||     6
Dodge: Dodged            |     6 |       ||     6

Table legend: (Time is in decaauts)
 A = Elapsed time spent in this place.
 B = Non-inter-level travel time spent in this place.
 C = Inter-level travel time spent in this place.
 D = Time resting spent in this place.
 E = Time spent auto-exploring this place.
 F = Levels seen in this place.
 G = Mean time per level.
                   A        B        C        D        E       F      G
               +--------+--------+--------+--------+--------+-----+--------+
         Total |    725 |    695 |     30 |      0 |    559 |   2 |  362.5 |
       Dungeon |    725 |    695 |     30 |      0 |    559 |   2 |  362.5 |
               +--------+--------+--------+--------+--------+-----+--------+

Top non-repeatable levels by time:
     D:1: 574 daAuts
     D:2: 151 daAuts
